 Dungeon Crawl Stone Soup version 0.28-a0-773-g130ae17fe5 (webtiles) character file.

Game seed: 14019450834739257926

973 bjtr the Conjurer (level 8, -3/57 HPs)
             Began as a Human Conjurer on Nov 2, 2021.
             Was an Initiate of Vehumet.
             Slain by a hornet (13 damage)
             ... on level 5 of the Dungeon.
             The game lasted 00:26:19 (6141 turns).

bjtr the Conjurer (Human Conjurer)                  Turns: 6141, Time: 00:26:20

Health: -3/57      AC:  8    Str:  8    XL:     8   Next: 39%
Magic:  2/14       EV: 10    Int: 21    God:    Vehumet [......]
Gold:   364        SH:  0    Dex: 11    Spells: 8/15 levels left

rFire   . . .      SeeInvis .   a - +3 flail (protect)
rCold   . . .      Faith    .   (no shield)
rNeg    . . .      Spirit   .   w - +0 ring mail
rPois   .          Reflect  .   n - +1 helmet
rElec   .          Harm     .   (no cloak)
rCorr   .          Rampage  .   (no gloves)
Will    .....                   c - +0 pair of boots
Stlth   ++........              (no amulet)
HPRegen 0.19/turn               (no ring)
MPRegen 0.14/turn               (no ring)

@: very slightly contaminated, slowed, very slow
A: no striking features
a: Renounce Religion


You were on level 5 of the Dungeon.
You worshipped Vehumet.
Vehumet was noncommittal.
You visited 2 branches of the dungeon, and saw 6 of its levels.

You collected 364 gold pieces.

Inventory:

Hand Weapons
 a - a +3 flail of protection (weapon)
 b - a +0 hunting sling of flaming
 d - a +0 dagger
 h - a +0 whip
 s - a +1 falchion
 t - a +0 scythe
 x - a +0 war axe
 z - a +3 mace
 B - a +0 mace
 D - a +0 club
 G - a +1 vampiric trident
 I - a +4 dagger of venom
Missiles
 g - 129 stones
 i - 2 bolts
 l - 25 sling bullets
 r - 2 poisoned darts
Armour
 c - a +0 pair of boots (worn)
 j - a +0 robe
 n - a +1 helmet (worn)
 w - a +0 ring mail (worn)
Jewellery
 p - an amulet of faith
Wands
 q - a wand of flame (20)
Scrolls
 y - 2 scrolls of magic mapping
 A - 2 scrolls of fog
 C - a scroll of noise {unknown}
 F - a scroll of enchant armour
Potions
 e - a potion of heal wounds
 f - 5 potions of curing
 k - 3 potions of flight
 m - a potion of attraction {unknown}
 o - a potion of degeneration {unknown}
 u - a potion of brilliance {unknown}
 v - a potion of berserk rage {unknown}
 E - 2 potions of might {unknown}
 H - 2 potions of mutation {unknown}


   Skills:
 + Level 2.7 Fighting
 + Level 1.8 Armour
 + Level 3.9 Dodging
 + Level 4.2 Stealth
 * Level 4.3 Spellcasting
 + Level 5.6 Conjurations
 * Level 0.5 Fire Magic
 + Level 2.8 Air Magic


You had 8 spell levels left.
You knew the following spells:

 Your Spells              Type           Power      Damage    Failure   Level
a - Magic Dart            Conj           100%       1d8       3%          1
b - Searing Ray           Conj           56%        2d6       5%          2
c - Swiftness             Air            16%        N/A       32%         3
d - Foxfire               Conj/Fire      68%        2x1d7     10%         1

Your spell library contained the following spells:

 Spells                   Type           Power      Damage    Failure   Level
 Shock                    Conj/Air       88%        1d8       6%          1
 Conjure Flame            Conj/Fire      17%        6-21      30%         3
 Dazzling Flash           Conj/Hex       32%        N/A       32%         3
 Inner Flame              Hex/Fire       5%         N/A       67%         3
 Flame Wave               Conj/Fire      17%        3d5       69%         4
 Gell's Gravitas          Tloc           4%         N/A       71%         3
 Teleport Other           Tloc           4%         N/A       71%         3
 Airstrike                Air            8%         N/A       73%         4
 Fulminant Prism          Conj/Hex       8%         3d7       73%         4
 Iskenderun's Mystic Bla  Conj/Tloc      16%        2d5       73%         4
 Dispersal                Tloc           2%         N/A       100%        6


Dungeon Overview and Level Annotations

Branches:
Dungeon (5/15)             Temple (1/1) D:5

Altars:
Ashenzari
Dithmenos
Fedhas
Hepliaklqana
Nemelex Xobeh
Qazlal
Sif Muna
Vehumet
Zin
The Shining One


Message History

Unknown command.
You feel very sick. The hornet barely misses you.
The hornet stings you but does no damage.
Casting: Searing Ray (safe; 5% risk of failure)
Confirm with . or Enter, or press ? or * to list all spells.
Aiming: Searing Ray (safe; 5% risk of failure)
Press: ? - help, Shift-Dir - straight line, f/p - hornet
Aim: a hornet (almost dead, 69% to hit)
You miscast Searing Ray.
You are very lightly contaminated with residual magic.
Nothing appears to happen.
You feel very sick. The hornet stings you.
* * * LOW HITPOINT WARNING * * *
You feel as though you will be slow longer.
The hornet stings you but does no damage.
You feel much better.
You feel sick. The hornet stings you.
You feel as though you will be slow longer.
The hornet barely misses you. x2
Casting: Searing Ray (safe; 5% risk of failure)
Confirm with . or Enter, or press ? or * to list all spells.
Aiming: Searing Ray (safe; 5% risk of failure)
Press: ? - help, Shift-Dir - straight line, f/p - hornet
Aim: a hornet (almost dead, 69% to hit)
The searing ray hits the hornet.
The hornet is almost dead. (Press . to maintain the ray.)
You feel sick. The hornet misses you. x2
The searing ray misses the hornet.
You feel sick. The hornet stings you!
* * * LOW HITPOINT WARNING * * *
You feel as though you will be slow longer.
The hornet barely misses you.
Unknown command.
The searing ray hits the hornet.
The hornet is almost dead.
You feel sick.
You are no longer poisoned.
The hornet stings you!
You die...

#..................########
### #.....######...#####
#.....# #.#...# #.....#
#...#># ...#.## #####.#
###### ##.#. #.# #..... #
#. #.#########.####
.)#.#####...........#
......y@..###########
..#.##.##.# #. #.# .. #.#
.#. #.# ..#. #.# .. .. ..#
### ## ###


You could see a hornet.

Vanquished Creatures
  Sigmund (D:3)
  Edmund (D:3)
  A black bear (D:5)
  2 ogres
  A scorpion (D:4)
  A hound (D:5)
  A bullfrog skeleton (D:4)
  3 iguanas (D:4)
  An orc wizard (D:4)
  A hound skeleton (D:5)
  Robin (D:2)
  7 adders
  A gnoll (D:1)
  A white imp (D:3)
  An ufetubus (D:4)
  An adder zombie (D:5)
  The ghost of cheechan the Sneak, a weakling NaDe (D:4)
  2 dart slugs (D:1)
  10 orcs
  4 endoplasms
  A giant cockroach (D:4)
  12 goblins
  8 hobgoblins
  14 jackals
  5 quokkas
  5 ball pythons
  8 bats
  4 frilled lizards
  5 kobolds
  4 rats
108 creatures vanquished.

Vanquished Creatures (others)
  2 foxfires (D:5)
2 creatures vanquished.

Grand Total: 110 creatures vanquished

Notes
Turn   | Place    | Note
-------+----------+-------------------------------------------
     0 | D:1      | bjtr the Human Conjurer began the quest for the Orb.
     0 | D:1      | Reached XP level 1. HP: 13/13 MP: 3/3
   197 | D:1      | Reached XP level 2. HP: 19/19 MP: 0/5
   200 | D:1      | Learned a level 2 spell: Searing Ray
   595 | D:1      | Reached XP level 3. HP: 24/24 MP: 1/6
  1471 | D:2      | Reached XP level 4. HP: 30/30 MP: 5/7
  1691 | D:2      | Noticed Robin
  1695 | D:2      | Killed Robin
  1696 | D:2      | Reached skill level 5 in Conjurations
  1819 | D:2      | Reached XP level 5. HP: 31/36 MP: 3/8
  2301 | D:3      | Noticed Sigmund
  2307 | D:3      | Learned a level 3 spell: Swiftness
  2536 | D:3      | Found a faded altar of an unknown god.
  2639 | D:3      | Noticed an ogre
  2653 | D:3      | Killed an ogre
  2654 | D:3      | Reached skill level 1 in Fighting
  2654 | D:3      | Reached XP level 6. HP: 34/43 MP: 3/10
  2720 | D:3      | Reached skill level 1 in Air Magic
  3101 | D:3      | Found a broken altar of Ashenzari.
  3274 | D:3      | Killed Sigmund
  3275 | D:3      | Reached XP level 7. HP: 33/49 MP: 1/12
  3492 | D:3      | Found a stormy altar of Qazlal.
  3831 | D:4      | Found a glowing silver altar of Zin.
  3832 | D:4      | Noticed an angel
  4115 | D:4      | Found a runed translucent door.
  4120 | D:4      | Noticed cheechan's ghost (weakling NaDe)
  4245 | D:4      | Killed cheechan's ghost
  4687 | D:4      | Noticed Edmund
  4875 | D:3      | Killed Edmund
  5133 | D:4      | Reached skill level 1 in Armour
  5133 | D:4      | Reached XP level 8. HP: 41/57 MP: 8/14
  5642 | D:5      | Entered Level 5 of the Dungeon
  5821 | D:5      | Learned a level 1 spell: Foxfire
  5972 | D:5      | Found a staircase to the Ecumenical Temple.
  5984 | Temple   | Entered the Ecumenical Temple
  5992 | Temple   | Became a worshipper of Vehumet
  6126 | D:5      | Noticed a hornet
  6133 | D:5      | Paralysed by a hornet for 3 turns
  6141 | D:5      | Slain by a hornet

Illustrated notes

Levels and vault maps discovered:
D:1:      wander_arrival_abandoned_jail, layout_basic, grunt_decor_fettered,
          minmay_hexomino_p4
D:2:      layout_loops_ring, uniq_robin
D:3:      layout_basic, nicolae_qazlal_eye_of_the_storm,
          nicolae_ashenzari_panopticon, dreamdust_ecumenical_altar_grove,
          uniq_sigmund
D:4:      layout_basic, zin_angel, ebering_ghost_sewer_d, grunt_ministairs_6,
          nrook_mini_vaults, uniq_edmund
D:5:      layout_loops_cross, minmay_temple_entry_wispy
Temple:   eino_temple_lava

Skill      XL: |  1  2  3  4  5  6  7  8 |
---------------+-------------------------+-----
Conjurations   | 5 |  5.6
Fighting       | 1 2 |  2.7
Spellcasting   | 3 4 |  4.3
Air Magic      | 1 2 |  2.8
Stealth        | 3 4 |  4.2
Dodging        | 3 |  3.9
Armour         | 1 |  1.8
Fire Magic     | |  0.5

Action                   |  1- 3 |  4- 6 |  7- 9 || total
-------------------------+-------+-------+-------++-------
Melee: Dagger            |     4 |       |       ||     4
       Mace              |    28 |    47 |     1 ||    76
       Falchion          |       |       |    43 ||    43
       Flail             |       |       |    14 ||    14
       Unarmed           |       |       |     1 ||     1
 Fire: Hunting sling     |       |       |     5 ||     5
 Cast: Magic Dart        |    29 |     4 |       ||    33
       Searing Ray       |     4 |    15 |    33 ||    52
       Foxfire           |       |       |     1 ||     1
  Use: Scroll            |     2 |     7 |     4 ||    13
       Potion            |       |       |     1 ||     1
 Stab: Sleeping          |     2 |     4 |     2 ||     8
Armor: Robe              |     9 |    34 |     1 ||    44
       Ring mail         |       |       |    51 ||    51
Dodge: Dodged            |    39 |    68 |    57 ||   164

Table legend: (Time is in decaauts)
 A = Elapsed time spent in this place.
 B = Non-inter-level travel time spent in this place.
 C = Inter-level travel time spent in this place.
 D = Time resting spent in this place.
 E = Time spent auto-exploring this place.
 F = Levels seen in this place.
 G = Mean time per level.
                   A        B        C        D        E       F      G
               +--------+--------+--------+--------+--------+-----+--------+
         Total |   6197 |   6064 |    133 |   1703 |   3175 |   6 | 1032.8 |
       Dungeon |   6180 |   6047 |    133 |   1703 |   3175 |   5 | 1236.0 |
        Temple |     16 |     16 |      0 |      0 |      0 |   1 |   16.0 |
               +--------+--------+--------+--------+--------+-----+--------+

Top non-repeatable levels by time:
     D:4: 1786 daAuts
     D:3: 1698 daAuts
     D:1: 1331 daAuts
     D:2: 989 daAuts
     D:5: 374 daAuts
  Temple: 16 daAuts
